 Dungeon Crawl Stone Soup version 0.30-a0-1074-g5db6f66fbb (webtiles) character file.

Game seed: 4952505074483847750

246 Pimp the Shooter (level 5, -1/32 HPs)
             Began as a Deep Elf Hunter on Apr 13, 2023.
             Splashed by a jelly's acid (9 damage)
             ... on level 4 of the Dungeon.
             The game lasted 00:12:49 (2660 turns).

Pimp the Shooter (Deep Elf Hunter)                  Turns: 2660, Time: 00:12:50

Health: -1/32      AC: -5    Str:  8    XL:     5   Next: 84%
Magic:  9/9        EV: 13    Int: 16    God:
Gold:   145        SH:  0    Dex: 18    Spells: 7/7 levels left

rFire   . . .      SeeInvis .    a - +0 shortbow (drain)
rCold   . . .      Faith    .    (shield currently unavailable)
rNeg    . . .      Spirit   .    c - +0 leather armour
rPois   .          Reflect  .    (no helmet)
rElec   .          Rampage  .    (no cloak)
rCorr   .                        (no gloves)
Will    .....                    (no boots)
Stlth   +++                      (no amulet)
HPRegen 0.25/turn                (no ring)
MPRegen 0.11/turn                (no ring)

@: corroded
A: no striking features
a: no special abilities


You were on level 4 of the Dungeon.
You visited 1 branch of the dungeon, and saw 4 of its levels.

You collected 145 gold pieces.

Inventory:

Hand Weapons
 a - a +0 shortbow of draining (weapon)
 e - a +0 dagger of venom
Missiles
 l - a stone
Armour
 c - a +0 leather armour (worn)
 d - a +0 scale mail
Jewellery
 g - an amulet of the acrobat
 h - a +6 ring of strength
Scrolls
 b - a scroll of immolation
 f - 3 scrolls of silence
 n - a scroll of magic mapping
Potions
 i - a potion of flight
 j - a potion of degeneration {unknown}
 k - a potion of mutation {unknown}
 m - 4 potions of attraction
 o - a potion of curing
 q - a potion of ambrosia {unknown}
 r - a potion of berserk rage {unknown}


   Skills:
 + Level 2.8 Fighting
 + Level 6.4 Ranged Weapons
 + Level 4.1 Dodging
 + Level 3.8 Stealth
 + Level 1.8 Spellcasting


You had 7 spell levels left.
You didn't know any spells.
Your spell library contained the following spells:

 Spells                   Type           Power      Damage    Failure   Level
 Ensorcelled Hibernation  Hex/Ice        2%         N/A       43%         2
 Lesser Beckoning         Tloc           2%         N/A       43%         2
 Passwall                 Tmut/Erth      0%         N/A       43%         2
 Gell's Gravitas          Tloc           1%         N/A       67%         3
 Swiftness                Air            1%         N/A       67%         3
 Teleport Other           Tloc           1%         N/A       67%         3


Dungeon Overview and Level Annotations

Branches:
Dungeon (4/15)
 Temple: D:4-7

Altars:

Shops:
D:3 [


Message History

Press: ? - help, Q - select action, (/) - cycle Shift-Dir - straight line, f - jelly
Aim: a jelly (91% to hit)
You shoot an arrow. The arrow hits the jelly!
The jelly is heavily wounded.
Fire: a) +0 shortbow (drain)
Press: ? - help, Q - select action, (/) - cycle Shift-Dir - straight line, f/p - jelly
Aim: a jelly (heavily wounded, 91% to hit)
You shoot an arrow. The arrow hits the jelly.
The jelly is heavily wounded.
Fire: a) +0 shortbow (drain)
Press: ? - help, Q - select action, (/) - cycle Shift-Dir - straight line, f/p - jelly
Aim: a jelly (heavily wounded, 91% to hit)
You shoot an arrow. The arrow hits the jelly.
The jelly is almost dead.
The jelly hits you. The acid corrodes you!
You are splashed with acid!
Your +0 dagger of venom begins to drip with poison!
e - a +0 dagger of venom (weapon)
The jelly barely misses you.
You hit the jelly but do no damage.
Your hands burn!
The jelly is almost dead.
The jelly barely misses you.
You hit the jelly.
Your hands burn!
The jelly is almost dead.
The jelly barely misses you.
You hit the jelly but do no damage. The acid corrodes you!
Your hands burn!
* * * LOW HITPOINT WARNING * * *
The jelly is almost dead.
The jelly closely misses you.
Your +0 dagger of venom stops dripping with poison.
You sense an unholy aura.
a - a +0 shortbow of draining (weapon)
Fire: a) +0 shortbow (drain)
Press: ? - help, Q - select action, (/) - cycle Shift-Dir - straight line, f/p - jelly
Aim: a jelly (almost dead, 91% to hit)
You shoot an arrow. The arrow hits the jelly.
The jelly is almost dead.
The jelly hits you.
* * * LOW HITPOINT WARNING * * *
You are splashed with acid!
You die...

*** ##### *** *,* ###...## ###
*,****,* #......####.# *#
,,,,,,***** ##.######.#..####.
,*,,,,,**>*#####..# ##.#......
**,,,,,,,,*#......# ##.###...#
**,,,,,....#####.## ##...##....
**,,,,,,.,,** ##@..# ##..........
,,,,,,*,,,,*###J...###...#...##..
,,,,,**,,,,,#...##..#..###...###.
,,,,,,*......)#####...###.....#..
,,***,,.####.#* ##..##.........
,** **,,***#.,** #......###....
,* *,,,**.,,,****#..###,,*#.###
** **,,,,..***,,**..## **,...**#
* *,,,,..,****,,....* *,..,,#.


You could see a jelly.

Vanquished Creatures
  3 orc wizards
  4 gnolls (D:2)
  3 adders
  A worm (D:3)
  4 dart slugs
  8 orcs
  3 ball pythons
  3 endoplasms
  3 giant cockroaches
  10 goblins
  10 hobgoblins
  4 jackals (D:3)
  9 kobolds
  3 quokkas
  5 bats
  6 frilled lizards
  8 rats
87 creatures vanquished.

Notes
Turn   | Place    | Note
-------+----------+-------------------------------------------
     0 | D:1      | Pimp the Deep Elf Hunter began the quest for the Orb.
     0 | D:1      | Reached XP level 1. HP: 12/12 MP: 3/3
   192 | D:1      | Reached XP level 2. HP: 17/17 MP: 4/4
   641 | D:1      | Reached XP level 3. HP: 14/21 MP: 5/5
   671 | D:1      | Found a faded altar of an unknown god.
  1171 | D:2      | Reached XP level 4. HP: 26/26 MP: 6/6
  1180 | D:2      | Reached skill level 6 in Ranged Weapons
  1185 | D:2      | HP: 1/27 [gnoll/+0 flail (7)]
  1761 | D:3      | Reached XP level 5. HP: 24/31 MP: 6/8
  1914 | D:3      | Reached skill level 1 in Spellcasting
  2049 | D:3      | Found Nyoreoj's Armour Shop.
  2660 | D:4      | Splashed by a jelly's acid

Illustrated notes

Levels and vault maps discovered:
D:1:      dpeg_arrival_line_fractal, layout_loops_ring,
          ebering_ecumenical_altar_rust
D:2:      layout_basic
D:3:      layout_loops_ring, serial_shops, shop_statue
D:4:      layout_layer_cave, lemuel_tele_altar, minmay_strange_pillars,
          uniq_duvessa, uniq_edmund

Skill      XL: |  1  2  3  4  5 |
---------------+----------------+-----
Stealth        | 2 3 |  3.8
Fighting       | 2 |  2.8
Dodging        | 3 4 |  4.1
Ranged Weapons | 6 |  6.4
Spellcasting   | 1 |  1.8

Action                     |  1- 3 |  4- 6 || total
---------------------------+-------+-------++-------
  Melee: Dagger            |     6 |    59 ||    65
         Punch             |       |     1 ||     1
   Fire: Shortbow          |    88 |   105 ||   193
    Use: Scroll            |     1 |     5 ||     6
         Potion            |       |     1 ||     1
   Stab: Distracted        |       |     3 ||     3
 Armour: Leather armour    |    12 |    15 ||    27
  Dodge: Dodged            |    17 |    42 ||    59

Table legend: (Time is in decaauts)
 A = Elapsed time spent in this place.
 B = Non-inter-level travel time spent in this place.
 C = Inter-level travel time spent in this place.
 D = Time resting spent in this place.
 E = Time spent auto-exploring this place.
 F = Levels seen in this place.
 G = Mean time per level.
                   A        B        C        D        E       F      G
               +--------+--------+--------+--------+--------+-----+--------+
         Total |   2696 |   2550 |    146 |    145 |   1767 |   4 |  674.0 |
       Dungeon |   2696 |   2550 |    146 |    145 |   1767 |   4 |  674.0 |
               +--------+--------+--------+--------+--------+-----+--------+

Top non-repeatable levels by time:
     D:2: 910 daAuts
     D:1: 826 daAuts
     D:3: 805 daAuts
     D:4: 154 daAuts
